 Dungeon Crawl Stone Soup version 0.27-a0-1182-gee19b5822f (webtiles) character file.

Game seed: 1276096056643378787

43923 DasRunzen the Nimble (level 13, -5/108 HPs)
             Began as a Demigod Gladiator on May 18, 2021.
             Slain by Rupert
             ... wielding a +1 vorpal battleaxe
              (29 damage)
             ... on level 4 of the Lair of Beasts.
             The game lasted 00:54:06 (17443 turns).

DasRunzen the Nimble (Demigod Gladiator)           Turns: 17443, Time: 00:54:07

Health: -5/108     AC: 10    Str: 24    XL:     13   Next: 55%
Magic:  27/28      EV: 16    Int: 28    God:
Gold:   298        SH:  8    Dex: 15    Spells: 15/26 levels left

rFire    + + +     SeeInvis .   L - +8 scimitar "Tereopeohi" {vorpal, Will++ Str+3}
rCold    + . .     Faith    .   r - +2 buckler
rNeg     . . .     Spirit   .   B - +0 steam dragon scales
rPois    .         Reflect  .   k - +2 hat
rElec    .         Harm     .   K - scarf {repulsion}
rCorr    .         Rampage  .   u - +0 pair of gloves
Will     +++..                  (no boots)
Stlth    +.........             h - amulet of regeneration
HPRegen  1.28/turn              n - +6 ring of strength
MPRegen  0.21/turn              N - ring "Xynidomm" {rF+++ rC+ Int+6 Dex-4}

@: repel missiles
A: high mp 1, forlorn
a: no special abilities


You were on level 4 of the Lair of Beasts.
You visited 2 branches of the dungeon, and saw 16 of its levels.

You collected 1062 gold pieces.
You spent 764 gold pieces at shops.

Inventory:

Hand Weapons
 p - a +3 trident of venom
 A - a +2 long sword of flaming
 F - a +1 dagger of speed
 L - the +8 scimitar "Tereopeohi" (weapon) {vorpal, Will++ Str+3}
   (You bought it in a shop on level 11 of the Dungeon)

   It inflicts extra damage upon your enemies.
   It affects your strength (+3).
   It greatly increases your willpower.
Missiles
 d - 6 throwing nets (quivered)
 f - 13 curare-tipped darts
 M - 6 atropa-tipped darts
Armour
 c - a +0 helmet
 k - a +2 hat (worn)
 r - a +2 buckler (worn)
 t - a +0 cloak
 u - a +0 pair of gloves (worn)
 B - +0 steam dragon scales (worn)
 K - a scarf of repulsion (worn)
Jewellery
 b - a ring of poison resistance
 h - an amulet of regeneration (around neck)
 n - a +6 ring of strength (left hand)
 y - a ring of see invisible
 G - an amulet of reflection
 N - the ring "Xynidomm" (right hand) {rF+++ rC+ Int+6 Dex-4}
   (You acquired it on level 1 of the Lair of Beasts)

   [ring of intelligence]

   It affects your intelligence (+6).
   It affects your dexterity (-4).
   It renders you almost immune to fire.
   It protects you from cold.
 P - a ring of fire
Wands
 e - a wand of charming (21)
 q - a wand of digging (3)
 z - a wand of iceblast (6)
 D - a wand of paralysis (6)
 I - a wand of flame (33)
Scrolls
 a - 3 scrolls of fear
 m - a scroll of silence
 o - 12 scrolls of teleportation
 s - 3 scrolls of fog
 E - a scroll of blinking
 H - 3 scrolls of amnesia
 J - 3 scrolls of identify
Potions
 g - 7 potions of flight
 i - 8 potions of curing
 j - 2 potions of cancellation
 l - a potion of might
 v - a potion of brilliance
 w - 2 potions of ambrosia
 x - a potion of heal wounds
 C - a potion of berserk rage
 O - a potion of haste


   Skills:
 + Level 8.5 Fighting
 * Level 5.4 Long Blades
 - Level 8.0 Polearms
 - Level 1.7 Throwing
 + Level 8.0 Armour
 + Level 8.8 Dodging
 + Level 7.6 Shields
 + Level 7.3 Spellcasting
 + Level 7.9 Conjurations
 + Level 3.0 Hexes
 - Level 5.4 Translocations


You had 15 spell levels left.
You knew the following spells:

 Your Spells              Type           Power      Damage    Failure   Level
a - Blink                 Tloc           N/A        N/A       1%          2
b - Mephitic Cloud        Conj/Pois/Air  25%        N/A       5%          3
c - Slow                  Hex            27%        N/A       2%          2
d - Corona                Hex            30%        N/A       1%          1
e - Swiftness             Air            10%        N/A       16%         3

Your spell library contained the following spells:

 Spells                   Type           Power      Damage    Failure   Level
 Magic Dart               Conj           100%       1d8       1%          1
 Static Discharge         Conj/Air       32%        N/A       1%          2
 Dazzling Flash           Conj/Hex       82%        N/A       1%          3
 Portal Projectile        Hex/Tloc       68%        N/A       2%          3
 Conjure Flame            Conj/Fire      32%        6-21      3%          3
 Stone Arrow              Conj/Erth      64%        3d11      3%          3
 Sandblast                Erth           20%        2d7       5%          1
 Passage of Golubria      Tloc           N/A        N/A       5%          4
 Iskenderun's Battlesphe  Conj           53%        2d10      5%          5
 Call Imp                 Summ           10%        N/A       9%          2
 Passwall                 Tmut/Erth      8%         N/A       9%          2
 Inner Flame              Hex/Fire       18%        N/A       9%          3
 Sticky Flame             Conj/Fire      32%        2d5       11%         4
 Cause Fear               Hex            13%        N/A       16%         4
 Leda's Liquefaction      Hex/Erth       9%         N/A       28%         4
 Lightning Bolt           Conj/Air       16%        1d30      28%         5
 Bolt of Magma            Conj/Fire/Erth 12%        4d8       45%         5
 Olgreb's Toxic Radiance  Pois           10%        N/A       47%         4
 Petrify                  Tmut/Erth      10%        N/A       47%         4
 Yara's Violent Unravell  Hex/Tmut       9%         3d6       61%         5
 Alistair's Intoxication  Tmut/Pois      6%         N/A       83%         5
 Lee's Rapid Deconstruct  Erth           5%         3d7*      83%         5
 Conjure Ball Lightning   Conj/Air       16%        3x3d6     85%         6
 Iron Shot                Conj/Erth      16%        9d4       85%         6
 Orb of Destruction       Conj           26%        9d11      86%         7
 Invisibility             Hex            27%        N/A       93%         6
 Spellforged Servitor     Conj/Summ      16%        N/A       100%        7


Dungeon Overview and Level Annotations

Branches:
Dungeon (12/15)            Temple (0/1) D:5            Lair (4/6) D:10
 Shoals (0/4) Lair:2        Snake (0/4) Lair:4          Orc (0/2) D:10

Shops:
D:3 =   D:7 !   D:9 *   D:11 !(!

Annotations:
D:8 Bapho's ghost, journeyman GnIE
D:10 2 transporters, Morbidden's ghost, novice DsFi
Lair:1 1 runed translucent door, iamserjio's ghost, journeyman OpNe
Lair:4 Rupert


Innate Abilities, Weirdness & Mutations

Your attributes grow dramatically as you level up.
You have an increased reservoir of magic. (+10% MP)
You shall have no god before yourself.


Message History

The yak gores the yak!
The yak is killed!
The yak is engulfed in noxious fumes.
The yak appears confused.
The yak gores something!
The yak completely misses itself.
Really walk into that cloud of noxious fumes? [Y]es or [N]o only, please.
Really walk into that cloud of noxious fumes?
You miss something. Something hits you!!
The wyvern is engulfed in noxious fumes.
The wyvern appears confused.
Unknown command.
Really walk into that cloud of noxious fumes?
Okay, then.
Really walk into that cloud of noxious fumes?
You slash something!
Something tries to affect you, but you resist.
The yak is engulfed in noxious fumes.
The yak appears confused.
Really walk into that cloud of noxious fumes?
You slash something! Something hits you! x2
You hit something.
The wyvern is engulfed in noxious fumes.
The wyvern appears confused.
The wyvern barely misses something.
Something hits you but does no damage.
There are monsters nearby!
You closely miss something.
The wyvern is engulfed in noxious fumes.
The wyvern appears confused.
The yak gores the wyvern but does no damage.
You block something's attack.
You hear a bellow!
There are monsters nearby!
You slash something! Something hits you.
There are monsters nearby!
You hit something.
The yak seems less confused.
You hit something. Something hits you! x2
* * * LOW HITPOINT WARNING * * *
Something hits you!
* * * LOW HITPOINT WARNING * * *
x2 Something hits you!!
You die...

...P#. ##########....
........ #[...#...#...#
S......#
###..'...#...###.......#'
#....#...#...#.##S......
#....#####....#.#.....# ..
#....#......S..##....$#..
...#...)†.P⌠P.@...l#........
..######......#.##†....#
..............#####.....#
P#..........P##.P.....##
#.###....÷...............P.
................(...........
............................
..[.........................
............................


You could see a water moccasin and a wyvern (confused).

Vanquished Creatures
  A boulder beetle (D:12)
  2 hydras
  A catoblepas (Lair:1)
  2 centaur warriors (D:11)
  4 two-headed ogres
  6 death yaks
  Erica (D:9)
  Sonja (D:12)
  A necromancer (Lair:4)
  A wizard (D:11)
  A deep elf pyromancer (D:12)
  2 manticores (D:11)
  3 spectral centaurs (D:9)
  An ugly thing (D:12)
  Joseph (D:6)
  6 black mambas
  7 elephants
  An unseen horror (D:12)
  Maggie (D:7)
  7 cane toads
  A gargoyle (D:11)
  A kobold demonologist (D:10)
  9 komodo dragons
  6 rime drakes
  A yaktaur (D:11)
  A troll (D:11)
  A polar bear (Lair:3)
  A slime creature (D:12)
  3 blink frogs (Lair:3)
  2 centaur simulacra (D:9)
  A wraith (D:9)
  A shadow (D:12)
  36 yaks
  2 basilisks
  2 steam dragons
  8 vampire mosquitoes
  Menkaure (D:7)
  An acid dragon (D:11)
  16 water moccasins
  7 orc warriors
  2 sky beasts
  2 ice beasts (D:7)
  2 necrophages
  A black bear (D:4)
  2 ogres
  28 wolves
  A phantom (D:6)
  5 centaurs
  3 kobold brigands
  Blork the orc (D:3)
  10 bullfrogs
  2 gnoll sergeants
  3 scorpions
  A water moccasin skeleton (D:6)
  5 killer bees (D:8)
  9 wights
  4 centaur zombies (D:9)
  6 howler monkeys
  2 jellies
  3 centaur skeletons
  2 hounds
  5 orc priests
  Crazy Yiuf (D:4)
  A bullfrog skeleton (D:5)
  2 gnoll shamans
  2 bullfrog zombies
  Jessica (D:3)
  Ijyb (D:2)
  A scorpion zombie (D:5)
  10 orc wizards
  A polar bear simulacrum (Lair:4)
  A yak simulacrum (Lair:4)
  A killer bee zombie (D:5)
  3 wolf simulacra (Lair:4)
  14 gnolls
  16 adders
  3 adder zombies (D:2)
  A dart slug (D:1)
  35 orcs
  A bat (D:3)
  A bat skeleton (D:2)
  6 endoplasms
  3 giant cockroaches
  9 goblins
  6 hobgoblins
  6 jackals
  3 quokkas
  4 ball pythons
  A ball python skeleton (D:2)
  20 kobolds
  A quokka skeleton (D:2)
  A quokka zombie (D:2)
  5 rats
  6 river rat simulacra (Lair:4)
417 creatures vanquished.

Vanquished Creatures (others)
  A gnoll (D:8)
  A bush (Lair:2)
  31 fungi
  87 plants
  A withered plant (D:2)
121 creatures vanquished.

Grand Total: 538 creatures vanquished

Notes
Turn   | Place    | Note
-------+----------+-------------------------------------------
     0 | D:1      | DasRunzen the Demigod Gladiator began the quest for the
                  | Orb.
     0 | D:1      | Reached XP level 1. HP: 17/17 MP: 3/3
   785 | D:1      | Reached XP level 2. HP: 24/24 MP: 4/4
  1114 | D:2      | Reached skill level 1 in Armour
  1419 | D:2      | Noticed a water moccasin
  1419 | D:2      | Noticed a centaur
  1467 | D:2      | Reached XP level 3. HP: 22/29 MP: 5/5
  2195 | D:3      | Found Niapnum's Jewellery Boutique.
  2201 | D:3      | Noticed Ijyb
  2231 | D:2      | HP: 1/30 [Ijyb/+0 club (1)]
  2252 | D:2      | Killed Ijyb
  2560 | D:3      | Reached XP level 4. HP: 37/37 MP: 6/6
  2562 | D:3      | Noticed Jessica
  2591 | D:3      | Killed Jessica
  2592 | D:3      | Reached skill level 1 in Conjurations
  2592 | D:3      | Reached XP level 5. HP: 24/42 MP: 8/8
  2714 | D:3      | Reached skill level 1 in Spellcasting
  3313 | D:3      | Reached XP level 6. HP: 23/51 MP: 10/10
  3729 | D:4      | Noticed Blork the orc
  3768 | D:3      | Killed Blork the orc
  3769 | D:3      | Reached XP level 7. HP: 34/57 MP: 12/12
  3922 | D:4      | Reached skill level 1 in Shields
  4021 | D:4      | Found a runed translucent door.
  4022 | D:4      | Noticed Crazy Yiuf
  4030 | D:4      | Killed Crazy Yiuf
  4379 | D:4      | Identified a scroll of acquirement
  4379 | D:4      | Acquired Sif Muna's Handbook of Entrancing Confrontation
  4407 | D:5      | Entered Level 5 of the Dungeon
  4453 | D:5      | Found a staircase to the Ecumenical Temple.
  4878 | D:5      | Reached XP level 8. HP: 64/66 MP: 13/15
  5773 | D:6      | Reached skill level 5 in Dodging
  6110 | D:6      | Reached skill level 5 in Polearms
  6328 | D:7      | Noticed Joseph
  6376 | D:6      | Killed Joseph
  6377 | D:6      | Reached XP level 9. HP: 20/73 MP: 17/17
  6529 | D:7      | Found Tut Wuhy's Distillery.
  6542 | D:7      | Noticed Menkaure
  6561 | D:7      | Killed Menkaure
  6611 | D:7      | Bought a potion of heal wounds for 75 gold pieces
  6611 | D:7      | Bought a potion of might for 60 gold pieces
  6642 | D:7      | Reached skill level 5 in Fighting
  6806 | D:7      | Learned a level 2 spell: Blink
  6840 | D:7      | Noticed Maggie
  6857 | D:7      | Killed Maggie
  7141 | D:8      | Reached skill level 1 in Translocations
  7256 | D:8      | Reached skill level 5 in Armour
  7509 | D:8      | Reached XP level 10. HP: 71/82 MP: 20/20
  7985 | D:9      | Reached skill level 5 in Conjurations
  8123 | D:9      | Learned a level 3 spell: Mephitic Cloud
  8251 | D:9      | Noticed a two-headed ogre
  8264 | D:9      | Killed a two-headed ogre
  8347 | D:9      | Found Ipedeur's General Store.
  8354 | D:9      | Bought a scroll of enchant armour for 90 gold pieces
  8414 | D:9      | Reached skill level 5 in Spellcasting
  8459 | D:9      | Noticed a two-headed ogre
  8473 | D:9      | Killed a two-headed ogre
  8474 | D:9      | Reached skill level 5 in Shields
  8555 | D:9      | Noticed Erica
  8567 | D:9      | Killed Erica
  8768 | D:9      | Found a runed translucent gate.
  8768 | D:9      | Found a runed translucent gate.
  8770 | D:9      | Noticed Bapho's ghost (journeyman GnIE)
  8773 | D:9      | Found a runed translucent gate.
  9022 | D:10     | Entered Level 10 of the Dungeon
  9102 | D:10     | Found a transporter.
  9102 | D:10     | Noticed Morbidden's ghost (novice DsFi)
  9103 | D:10     | Noticed a cyclops
  9164 | D:10     | Reached XP level 11. HP: 83/83 MP: 20/22
  9370 | D:10     | Found a staircase to the Lair.
  9400 | D:10     | Noticed a two-headed ogre
  9412 | D:10     | Killed a two-headed ogre
  9456 | D:10     | Noticed a soul eater
  9557 | D:10     | Noticed a two-headed ogre
  9566 | D:10     | Killed a two-headed ogre
  9681 | D:10     | Found a staircase to the Orcish Mines.
  9722 | D:10     | Found a transporter.
 10426 | D:11     | Found Toda's Antique Weapon Shoppe.
 10526 | D:11     | Found Ruinwoh's Distillery.
 10535 | D:11     | Bought a potion of heal wounds for 55 gold pieces
 10535 | D:11     | Bought a potion of heal wounds for 55 gold pieces
 10535 | D:11     | Bought a potion of might for 44 gold pieces
 10593 | D:11     | Noticed a centaur warrior
 10608 | D:11     | Killed a centaur warrior
 10679 | D:11     | Found Cihuwn's Distillery.
 10706 | D:11     | Bought a potion of curing for 51 gold pieces
 10706 | D:11     | Bought a potion of curing for 51 gold pieces
 10706 | D:11     | Bought a potion of heal wounds for 85 gold pieces
 10723 | D:11     | Noticed a centaur warrior
 10744 | D:11     | Killed a centaur warrior
 10763 | D:11     | Noticed a wizard
 10781 | D:11     | Killed a wizard
 11467 | D:12     | Noticed a deep elf pyromancer
 11478 | D:12     | Killed a deep elf pyromancer
 11545 | D:12     | Noticed a boulder beetle
 11546 | D:12     | Noticed a wizard
 11546 | D:12     | Noticed a boulder beetle
 11546 | D:12     | Noticed a catoblepas
 11546 | D:12     | Noticed a centaur warrior
 11562 | D:12     | Killed a boulder beetle
 11577 | D:12     | Noticed a centaur warrior
 11577 | D:12     | Noticed a centaur warrior
 11577 | D:12     | Noticed an eight-headed hydra
 11577 | D:12     | Noticed a centaur warrior
 11579 | D:12     | Noticed a fire dragon
 11678 | D:12     | Noticed Sonja
 11691 | D:12     | Killed Sonja
 11878 | D:12     | Identified the Compendium of Nocuous Attacks
 12551 | D:9      | Reached XP level 12. HP: 99/100 MP: 25/25
 12778 | D:9      | Reached skill level 5 in Translocations
 12885 | D:11     | Noticed a four-headed hydra
 12892 | D:11     | Killed a four-headed hydra
 12916 | D:11     | Bought a polished scimitar for 198 gold pieces
 12916 | D:11     | Identified the +8 scimitar "Tereopeohi" {vorpal, Will++
                  | Str+3} (You bought it in a shop on level 11 of the Dungeon)
 13049 | Lair:1   | Entered Level 1 of the Lair of Beasts
 13130 | Lair:1   | Noticed a five-headed hydra
 13246 | D:10     | Killed a five-headed hydra
 13247 | D:10     | Reached skill level 1 in Long Blades
 13441 | Lair:1   | Noticed a catoblepas
 13514 | Lair:1   | Killed a catoblepas
 13602 | Lair:1   | Learned a level 2 spell: Slow
 14065 | Lair:1   | Found a runed translucent door.
 14069 | Lair:1   | Noticed iamserjio's ghost (journeyman OpNe)
 14071 | Lair:1   | Identified the +6 spear "Fusoc" {vorpal, Drain rPois Will+}
 14104 | Lair:1   | Acquired the ring "Xynidomm" {rF+++ rC+ Int+6 Dex-4}
 14665 | Lair:2   | Reached skill level 1 in Hexes
 15015 | Lair:2   | Reached XP level 13. HP: 73/107 MP: 22/27
 15399 | Lair:2   | Found a staircase to the Shoals.
 16254 | Lair:3   | Reached skill level 5 in Long Blades
 16935 | Lair:3   | Learned a level 1 spell: Corona
 16939 | Lair:3   | Learned a level 3 spell: Swiftness
 17090 | Lair:4   | Found a staircase to the Snake Pit.
 17421 | Lair:4   | Noticed Rupert
 17443 | Lair:4   | Slain by Rupert

Illustrated notes

Levels and vault maps discovered:
D:1:      onia_arrival_pyramid, layout_basic,
          hellmonk_ecumenical_altar_inner_sanctum
D:2:      layout_loops_ring, serial_undead, serial_undead_c, serial_undead_f,
          serial_undead_a, serial_undead_e, serial_undead_f, serial_undead_b,
          serial_undead_c, serial_undead_e, amcnicky_mini_corridor_feature,
          chequers_serial_rivers_micro_a, lightli_corner_chamber
D:3:      layout_basic, lemuel_crystal_altar, lemuel_round_altar, serial_shops,
          shop_statue, minmay_hedge_maze, minivault_4,
          chequers_serial_rivers_small_3, kennysheep_orc_chapel, uniq_jessica,
          uniq_ijyb
D:4:      layout_rooms, lemuel_doored_altar, overflow_temple_1_default,
          kennysheep_big_empty_room, minmay_between, uniq_crazy_yiuf_cottage,
          uniq_blork_the_orc
D:5:      layout_loops_corners, nemelex_spade_bored_becter, lemuel_tele_altar,
          minmay_temple_entry_mist
D:6:      layout_cave_pods, old_standard_altar, gammafunk_temple_overflow_wave
D:7:      layout_rooms, serial_shops, shop, uniq_maggie, uniq_joseph,
          uniq_menkaure
D:8:      layout_loops_ring, lemuel_coloured_pillars_altar
D:9:      layout_loops_ring, nicolae_ashenzari_skybound,
          nicolae_xom_altar_mimics, serial_shops, shop,
          gammafunk_ghost_necromancy, hangedman_minor_gate_pass, uniq_erica
D:10:     layout_basic, fedhas_altar_2, lair_entry_dummy, david_orc_2,
          gammafunk_ghost_wrathful_warriors, grunt_ministairs_13,
          chequers_arboretum
D:11:     minmay_blocky_corners, layout_rooms, serial_shops,
          nicolae_shop_crystal, nicolae_shop_waterfront, shop
D:12:     layout_stronghold, minivault_12, uniq_sonja
Lair:1:   layout_small_grid, ebering_ghost_funeral_grove, portal_ice_cave_rime,
          grunt_forest_large_clearings, grunt_megastairs_5
Lair:2:   minmay_lair_venomous_thicket, layout_long_grid,
          elwin_shoals_entry_rocks, basic_altar, grunt_megastairs_1
Lair:3:   layout_regular_city, serial_bayou_shore_b
Lair:4:   layout_regular_city, minmay_snake_entry_six_corridors,
          eino_house_with_fridge, serial_bayou_shore_b, serial_bayou_shore_a,
          uniq_rupert

Skill      XL: |  1  2  3  4  5  6  7  8  9 10 11 12 13 |
---------------+----------------------------------------+-----
Fighting       | 2 3 4 5 6 7 8 |  8.5
Polearms       | 3 4 5 6 7 8 |  8.0
Armour         | 1 2 3 4 5 6 7 8 |  8.0
Dodging        | 3 4 5 6 7 8 |  8.8
Conjurations   | 1 2 3 4 5 6 7 |  7.9
Spellcasting   | 1 2 3 4 5 6 7 |  7.3
Shields        | 1 3 4 5 6 7 |  7.6
Translocations | 1 3 4 5 |  5.4
Long Blades    | 3 5 |  5.4
Hexes          | 1 3 |  3.0
Throwing       | |  1.7

Action                   |  1- 3 |  4- 6 |  7- 9 | 10-12 | 13-15 || total
-------------------------+-------+-------+-------+-------+-------++-------
Melee: Trident           |   146 |   144 |   466 |  1236 |   451 ||  2443
       Scimitar          |       |       |       |       |    13 ||    13
 Cast: Mephitic Cloud    |       |       |       |    18 |    12 ||    30
       Blink             |       |       |       |     2 |       ||     2
  Use: Scroll            |     4 |     1 |    14 |     5 |     5 ||    29
       Potion            |     3 |       |     2 |     5 |     5 ||    15
 Stab: Sleeping          |     2 |     1 |       |     3 |     1 ||     7
       Distracted        |       |       |     1 |       |     1 ||     2
       Confused          |       |       |       |    19 |     6 ||    25
       Petrified         |       |       |       |     5 |       ||     5
       Petrifying        |       |       |       |     2 |       ||     2
Armor: Leather armour    |    48 |    33 |    81 |       |       ||   162
       Steam dragon scal |       |       |    27 |   315 |    79 ||   421
Dodge: Dodged            |    89 |    82 |   243 |   798 |   271 ||  1483
       Repelled          |       |       |       |     5 |       ||     5
Block: Buckler           |       |     1 |   137 |   530 |   155 ||   823
       Rpst.: Scimitar   |       |       |       |       |     1 ||     1

Table legend: (Time is in decaauts)
 A = Elapsed time spent in this place.
 B = Non-inter-level travel time spent in this place.
 C = Inter-level travel time spent in this place.
 D = Time resting spent in this place.
 E = Time spent auto-exploring this place.
 F = Levels seen in this place.
 G = Mean time per level.
                   A        B        C        D        E       F      G
               +--------+--------+--------+--------+--------+-----+--------+
         Total |  17482 |  16644 |    838 |   2061 |   9849 |  16 | 1092.6 |
       Dungeon |  13382 |  12630 |    752 |   1750 |   7635 |  12 | 1115.2 |
          Lair |   4099 |   4013 |     86 |    311 |   2213 |   4 | 1024.8 |
               +--------+--------+--------+--------+--------+-----+--------+

Top non-repeatable levels by time:
    D:10: 1789 daAuts
     D:2: 1434 daAuts
    D:12: 1308 daAuts
  Lair:1: 1308 daAuts
     D:9: 1298 daAuts
  Lair:2: 1182 daAuts
  Lair:3: 1133 daAuts
     D:3: 1120 daAuts
     D:1: 1101 daAuts
     D:5: 1076 daAuts
     D:8: 1041 daAuts
     D:6: 960 daAuts
     D:4: 819 daAuts
     D:7: 740 daAuts
    D:11: 690 daAuts
